 Dungeon Crawl Stone Soup version 0.28.0-1-gb440e238dd (webtiles) character file.

Game seed: 12904942197091228951

22304 graymark the Thaumaturge (level 12, 0/59 HPs)
             Began as a Deep Elf Fire Elementalist on Feb 23, 2022.
             Was a High Priest of Vehumet.
             Slain by an orc warrior (18 damage)
             ... led by an orc warlord
             ... on level 1 of the Orcish Mines.
             The game lasted 02:17:30 (19253 turns).

graymark the Thaumaturge (DEFE)                    Turns: 19253, Time: 02:17:50

Health: 0/59       AC:  6    Str:  5    XL:     12   Next: 61%
Magic:  2/32       EV: 15    Int: 26    God:    Vehumet [*****.]
Gold:   819        SH:  0    Dex: 15    Spells: 10/39 levels left

rFire   + + +      SeeInvis .   l - staff of conjuration
rCold   + . .      Faith    +   (no shield)
rNeg    . . .      Spirit   .   R - +1 robe {rC+ rF+}
rPois   .          Reflect  .   (no helmet)
rElec   .          Harm     .   (no cloak)
rCorr   .          Rampage  .   (no gloves)
Will    +....                   k - +2 pair of boots
Stlth   ++++......              I - amulet of faith
HPRegen 0.19/turn               e - ring of protection from fire
MPRegen 0.23/turn               g - ring of protection from fire

@: about to teleport
A: no striking features
a: Renounce Religion


You were on level 1 of the Orcish Mines.
You worshipped Vehumet.
Vehumet was extremely pleased with you.
You visited 4 branches of the dungeon, and saw 14 of its levels.
You also visited: Ossuary.

You collected 961 gold pieces.
You spent 142 gold pieces at shops.

Inventory:

Hand Weapons
 b - a +0 dagger
 m - a +0 hunting sling
 t - a +3 dagger
Missiles
 d - 2 javelins (quivered)
 n - 236 stones
 H - 18 boomerangs of dispersal
Armour
 k - a +2 pair of boots (worn)
 E - a +2 robe of the Archmagi
 R - a +1 robe of resistance (worn)
Magical Staves
 l - a staff of conjuration (weapon)
Jewellery
 c - a ring of wizardry
 e - a ring of protection from fire (left hand)
 g - a ring of protection from fire (right hand)
 p - a ring of wizardry
 s - a ring of wizardry
 u - an amulet of guardian spirit
 I - an amulet of faith (around neck)
 J - the ring "Putuuj" {rF+ MP-9 Str+3 Int+4}
   (You found it on level 6 of the Dungeon)

   [ring of protection from fire]

   Str:       It affects your strength (+3).
   Int:       It affects your intelligence (+4).
   rF:        It protects you from fire.
   MP:        It affects your magic capacity (-9).
 N - a ring of poison resistance
Wands
 a - a wand of acid (5)
 A - a wand of charming (11)
 B - a wand of digging (9)
 L - a wand of flame (15)
 S - a wand of mindburst (6)
Scrolls
 i - a scroll of amnesia {unknown}
 j - a scroll of summoning
 o - 6 scrolls of teleportation
 q - 3 scrolls of vulnerability
 r - a scroll of enchant weapon {unknown}
 y - a scroll of brand weapon {unknown}
 D - 3 scrolls of noise
 G - a scroll of fog
Potions
 f - 2 potions of flight
 h - a potion of haste
 v - 7 potions of brilliance
 w - 2 potions of attraction
 z - a potion of invisibility {unknown}
 C - 2 potions of mutation
 F - 4 potions of curing
 K - a potion of berserk rage {unknown}
 M - a potion of lignification {unknown}
 O - 2 potions of heal wounds
 P - a potion of resistance {unknown}
 T - a potion of degeneration {unknown}


   Skills:
 - Level 7.4 Dodging
 - Level 8.5 Stealth
 + Level 14.3 Spellcasting
 + Level 10.6 Conjurations
 + Level 1.9 Summonings
 - Level 11.0 Fire Magic
 + Level 6.2 Ice Magic
 - Level 4.0 Earth Magic


You had 10 spell levels left.
You knew the following spells:

 Your Spells              Type           Power      Damage    Failure   Level
a - Foxfire               Conj/Fire      100%       2x1d9     1%          1
b - Scorch                Fire           100%       2d10      1%          2
c - Stone Arrow           Conj/Erth      100%       3d13      1%          3
d - Flame Wave            Conj/Fire      84%        2d15      1%          4
e - Passwall              Tmut/Erth      24%        N/A       1%          2
f - Dazzling Flash        Conj/Hex       100%       N/A       1%          3
g - Hailstorm             Conj/Ice       76%        3d16      1%          4
h - Frozen Ramparts       Ice            100%       1d12      1%          3
i - Spellforged Servitor  Conj/Summ      33%        N/A       41%         7

Your spell library contained the following spells:

 Spells                   Type           Power      Damage    Failure   Level
 Sandblast                Erth           78%        2d17      1%          1
 Poisonous Vapours        Pois/Air       36%        N/A       1%          2
 Conjure Flame            Conj/Fire      84%        6-21      1%          3
 Inner Flame              Hex/Fire       47%        N/A       1%          3
 Sting                    Tmut/Pois      72%        1d6       3%          1
 Olgreb's Toxic Radiance  Pois           18%        N/A       8%          4
 Animate Armour           Summ/Erth      68%        N/A       9%          4
 Haunt                    Necr/Summ      11%        N/A       100%        7


Dungeon Overview and Level Annotations

Branches:
Dungeon (10/15)            Temple (1/1) D:7            Lair (1/6) D:10
    Orc (2/2) D:10            Elf (0/3) Orc:2       Ossuary (visited)

Altars:
Ashenzari
Cheibriados
Dithmenos
Elyvilon
Fedhas
Gozag
Hepliaklqana
Kikubaaqudgha
Makhleb
Nemelex Xobeh
Okawaru
Qazlal
Ru
Sif Muna
Trog
Uskayaw
Vehumet
Wu Jian
Xom
Yredelemnul
Zin
The Shining One
Beogh

Shops:
D:8 [   Orc:2 *[

Annotations:
D:9 1 transporter


Message History

Confirm with . or Enter, or press ? or * to list all spells.
You feel a surge of power!
You conjure some foxfire!
An orc comes into view. It is wielding a +0 flail.
Casting: Foxfire (safe; 1% risk of failure)
Confirm with . or Enter, or press ? or * to list all spells.
You feel a surge of power!
You conjure some foxfire!
The foxfire hits the orc warrior.
The orc warrior is heavily wounded.
The foxfire hits the orc warrior.
The orc warrior is heavily wounded.
Casting: Foxfire (safe; 1% risk of failure)
Confirm with . or Enter, or press ? or * to list all spells.
Aiming: Stone Arrow (safe; 1% risk of failure)
Press: ? - help, Shift-Dir - straight line, f - orc warrior
Aim: an orc warrior, wielding a +0 glaive and wearing a +0 chain mail (heavily wounded, strong, ally target, 75% to hit)
You feel a surge of power!
The stone arrow misses the orc warrior.
The foxfire hits the orc warrior.
The orc warrior is severely wounded.
The orc warrior hits you from afar with a +0 glaive!!
Ouch! That really hurt!
* * * LOW HITPOINT WARNING * * *
You feel much better.
The wall freezes the orc warrior!
The orc warrior closely misses you.
Your frozen ramparts will break if you move.
Continue?
The frozen ramparts melt away.
The orc warrior closely misses you.
The orc warrior hits you from afar with a +0 glaive.
* * * LOW HITPOINT WARNING * * *
You climb upwards.
There is a stone staircase leading down here.
As you read the scroll of teleportation, it crumbles to dust.
You feel strangely unstable. The orc warrior misses you.
Casting: Stone Arrow (safe; 1% risk of failure)
Confirm with . or Enter, or press ? or * to list all spells.
Aiming: Stone Arrow (safe; 1% risk of failure)
Press: ? - help, Shift-Dir - straight line, f - orc warrior
Aim: an orc warrior, wielding a +0 short sword and wearing a +0 plate armour (moderately wounded, strong, 78% to hit)
You feel a surge of power!
The stone arrow hits the orc warrior!
The orc warrior is severely wounded.
The orc warrior hits you with a +0 short sword!!
You die...

##....## #....#.........#....###
#......####....####.....#..).)..#
#......#.#..#....##....###...)...
....#......###....#.#####..#.....
..#####....# ##....####....####..
.#####.....# ##.....##.....###...
....##.....###....##.###....##...
............##..o.######....##..#
#......#.#......@##....#....#.).#
###....###....#####....##.....###
##..#.).##....# #......#.#)....#.
...##.)..########.........#...###
...###)..###.#.....###....######.
..####....###.....####......##...
....#....## ####....#....#.###...
....#.....# #.........#### ###.
#......#.## ###......## ##


You could see an orc warrior (strong).

Vanquished Creatures
  An orc warlord (Orc:2)
  The ghost of mememasterpepo the Fighter, a novice DrMo of Makhleb (Orc:2)
  An orc high priest (Orc:2)
  Pikel (D:9)
  An orc sorcerer (Orc:2)
  Maggie (D:6)
  An unseen horror (D:10)
  A kobold demonologist (D:10)
  A troll (D:10)
  9 yaks
  5 wargs
  A water moccasin (D:8)
  2 ice beasts (D:7)
  28 orc warriors
  5 sky beasts
  A black bear (D:7)
  3 ogres
  3 centaurs
  2 lemures
  A phantom (D:6)
  4 kobold brigands
  2 elf zombies (Ossuary)
  2 gnoll sergeants
  A bullfrog (D:9)
  8 howler monkeys
  5 centaur zombies
  21 orc priests
  4 hounds
  2 gnoll shamans
  A human zombie (Ossuary)
  2 jellies
  3 iguanas
  30 orc wizards
  3 hound zombies (Ossuary)
  A hound skeleton (D:5)
  3 mummies (Ossuary)
  21 gnolls
  A howler monkey skeleton (D:6)
  A howler monkey zombie (D:8)
  10 adders
  3 shadow imps
  A white imp (D:8)
  2 ufetubi (D:5)
  An adder zombie (Ossuary)
  An adder skeleton (D:4)
  2 worms
  2 dart slugs (D:2)
  84 orcs
  6 endoplasms
  3 gnoll zombies (Ossuary)
  6 goblins
  3 hobgoblins
  4 jackals (D:4)
  20 kobolds
  4 quokkas
  4 ball pythons
  4 bats
  3 frilled lizards
  A goblin zombie (Ossuary)
  7 hobgoblin zombies (Ossuary)
  5 jackal zombies (Ossuary)
  3 kobold zombies (Ossuary)
  An orc zombie (Ossuary)
  A quokka zombie (Ossuary)
  8 rats
  3 rat zombies (Ossuary)
376 creatures vanquished.

Vanquished Creatures (collateral kills)
  A foxfire (D:8)
1 creature vanquished.

Vanquished Creatures (others)
  977 foxfires
  2 plants (Lair:1)
979 creatures vanquished.

Grand Total: 1356 creatures vanquished

Notes
Turn   | Place    | Note
-------+----------+-------------------------------------------
     0 | D:1      | graymark the Deep Elf Fire Elementalist began the quest for
                  | the Orb.
     0 | D:1      | Reached XP level 1. HP: 10/10 MP: 6/6
   731 | D:1      | Reached XP level 2. HP: 15/15 MP: 5/8
  1339 | D:2      | Found a faded altar of an unknown god.
  1537 | D:2      | Reached XP level 3. HP: 19/19 MP: 7/10
  1540 | D:2      | Learned a level 2 spell: Scorch
  1544 | D:2      | Learned a level 3 spell: Stone Arrow
  2865 | D:3      | Reached XP level 4. HP: 24/24 MP: 2/11
  2945 | D:2      | Learned a level 4 spell: Flame Wave
  3095 | D:3      | Reached skill level 1 in Earth Magic
  3102 | D:3      | Reached skill level 4 in Spellcasting
  3299 | D:3      | Found a broken altar of Ashenzari.
  3781 | D:4      | Got the Incunabulum of Cankerous Creation
  3952 | D:4      | Reached XP level 5. HP: 28/28 MP: 9/13
  4039 | D:4      | Noticed a yak
  4045 | D:4      | Noticed a yak
  4048 | D:4      | Noticed a yak
  4369 | D:4      | Killed a yak
  4370 | D:4      | Reached XP level 6. HP: 32/32 MP: 3/15
  4741 | D:4      | Killed a yak
  4742 | D:4      | Reached skill level 5 in Spellcasting
  4742 | D:4      | Reached skill level 5 in Fire Magic
  4843 | D:4      | Killed a yak
  4844 | D:4      | Reached XP level 7. HP: 26/36 MP: 5/16
  4926 | D:5      | Entered Level 5 of the Dungeon
  5850 | D:5      | Reached skill level 5 in Conjurations
  6095 | D:6      | Reached skill level 6 in Spellcasting
  6164 | D:6      | Found a sand-covered staircase.
  6204 | Ossuary  | Entered an ossuary
  6307 | Ossuary  | Reached XP level 8. HP: 41/41 MP: 16/19
  7104 | Ossuary  | Reached skill level 7 in Spellcasting
  7427 | D:6      | Reached skill level 8 in Spellcasting
  7793 | D:6      | Identified the ring "Putuuj" {rF+ MP-9 Str+3 Int+4}
  7800 | D:6      | Noticed Maggie
  7995 | D:6      | Reached XP level 9. HP: 45/45 MP: 14/23
  8048 | D:6      | Killed Maggie
  8632 | D:7      | Reached skill level 9 in Spellcasting
  9646 | D:7      | Found a staircase to the Ecumenical Temple.
  9656 | Temple   | Entered the Ecumenical Temple
  9848 | Temple   | Became a worshipper of Vehumet
 10704 | D:8      | Reached skill level 10 in Spellcasting
 10847 | D:8      | Found Cuts's Antique Armour Emporium.
 11438 | D:8      | Reached * piety under Vehumet
 11438 | D:8      | Offered knowledge of Magic Dart by Vehumet.
 11693 | D:8      | Reached XP level 10. HP: 49/50 MP: 13/26
 12047 | D:8      | Learned a level 2 spell: Passwall
 12439 | D:9      | Noticed Pikel
 12723 | D:9      | Reached skill level 5 in Stealth
 13375 | D:9      | Killed Pikel
 13376 | D:9      | Reached skill level 11 in Spellcasting
 13483 | D:9      | Reached skill level 10 in Fire Magic
 13530 | D:9      | Noticed a stone giant
 13702 | D:10     | Entered Level 10 of the Dungeon
 13776 | D:10     | Offered knowledge of Searing Ray by Vehumet.
 13961 | D:10     | Reached ** piety under Vehumet
 14663 | D:9      | Found a sparkling altar of Nemelex Xobeh.
 14663 | D:9      | Found a transporter.
 15133 | D:10     | Found a staircase to the Orcish Mines.
 15483 | D:10     | Found a staircase to the Lair.
 15608 | Lair:1   | Entered Level 1 of the Lair of Beasts
 15635 | Lair:1   | Noticed a cane toad
 15717 | Orc:1    | Entered Level 1 of the Orcish Mines
 15845 | Orc:1    | Reached XP level 11. HP: 53/54 MP: 24/28
 15846 | Orc:1    | Offered knowledge of Dazzling Flash by Vehumet.
 15859 | D:10     | Learned a level 3 spell: Dazzling Flash
 16044 | Orc:1    | Reached skill level 12 in Spellcasting
 16287 | Orc:1    | Reached *** piety under Vehumet
 16402 | Orc:2    | Entered Level 2 of the Orcish Mines
 16573 | Orc:2    | Reached skill level 10 in Conjurations
 16765 | Orc:2    | Noticed an orc high priest
 16769 | Orc:2    | Offered knowledge of Hailstorm by Vehumet.
 16773 | Orc:2    | Killed an orc high priest
 16931 | Orc:2    | Found Arugaom's General Store.
 16936 | Orc:2    | Bought a scroll of summoning for 142 gold pieces
 17325 | Orc:2    | Reached **** piety under Vehumet
 17418 | Orc:1    | Learned a level 4 spell: Hailstorm
 17489 | Orc:2    | Found Veynigro's Armour Shop.
 17573 | Orc:2    | Offered knowledge of Frozen Ramparts by Vehumet.
 17804 | Orc:2    | Reached skill level 1 in Ice Magic
 17938 | Orc:2    | Found a staircase to the Elven Halls.
 17986 | Orc:2    | Found a runed translucent gate.
 17986 | Orc:2    | Found a runed translucent gate.
 17986 | Orc:2    | Found a runed translucent gate.
 18063 | Orc:2    | Noticed mememasterpepo's ghost (novice DrMo)
 18075 | Orc:2    | Learned a level 3 spell: Frozen Ramparts
 18077 | Orc:2    | Reached skill level 13 in Spellcasting
 18077 | Orc:2    | Reached skill level 5 in Ice Magic
 18077 | Orc:2    | Reached XP level 12. HP: 59/59 MP: 29/31
 18107 | Orc:2    | Killed mememasterpepo's ghost
 18108 | Orc:2    | Reached skill level 14 in Spellcasting
 18764 | Orc:2    | Reached ***** piety under Vehumet
 18845 | Orc:2    | Offered knowledge of Spellforged Servitor by Vehumet.
 19052 | Orc:1    | Learned a level 7 spell: Spellforged Servitor
 19147 | Orc:2    | Paralysed by an orc sorcerer for 5 turns
 19164 | Orc:2    | Reached skill level 1 in Summonings
 19221 | Orc:2    | Noticed an orc warlord
 19245 | Orc:2    | Killed an orc warlord
 19253 | Orc:1    | Slain by an orc warrior

Illustrated notes

Levels and vault maps discovered:
D:1:      dpeg_arrival_yet_another_circle, layout_basic
D:2:      layout_loops_ring, hellmonk_ecumenical_altar_lost_god, serial_rivers,
          chequers_serial_rivers_room_a, chequers_serial_rivers_marsh,
          chequers_serial_rivers_micro_b, chequers_serial_rivers_marsh
D:3:      layout_loops_cross, nicolae_ashenzari_skybound
D:4:      layout_rooms
D:5:      layout_loops_ring
D:6:      layout_rooms, lightli_ossuary_entry_decrepit_ruins,
          minmay_unpleasant_kobolds, uniq_maggie
D:7:      layout_layer_cave, minmay_temple_entry_mini_moons,
          amcnicky_mini_corridor_feature
D:8:      layout_basic, serial_shops, nicolae_shop_overgrown_old_shop
D:9:      layout_roguey, grunt_nemelex_the_gamble, kb_lookout_dungeons_type,
          uniq_pikel
D:10:     layout_stronghold, lair_entry_dummy, orc_0_dummy, enter_bailey_2
Temple:   mainiacjoe_temple_cubbyholes
Lair:1:   layout_long_grid, ebering_ghost_xom, grunt_megastairs_4,
          lemuel_fruit_tree, serial_bayou_shore_b, serial_bayou_shore_b,
          uniq_nergalle
Orc:1:    layout_diamond_mine
Orc:2:    grunt_orc_community_town_hall, layout_caves,
          grunt_orc_community_big_house_1, grunt_orc_community_big_house_2,
          grunt_orc_community_house_1, grunt_orc_community_house_2,
          grunt_orc_community_house_3, grunt_orc_community_house_2,
          grunt_orc_community_house_2, grunt_orc_community_house_3, basic_altar,
          ebering_ghost_rock_garden

Skill      XL: |  1  2  3  4  5  6  7  8  9 10 11 12 |
---------------+-------------------------------------+-----
Stealth        | 3 4 7 8 |  8.5
Conjurations   | 2 3 4 5 7 8 9 10 | 10.6
Earth Magic    | 1 2 3 4 |  4.0
Spellcasting   | 4 5 6 8 10 11 13 14 | 14.3
Fire Magic     | 4 5 6 7 9 10 11 | 11.0
Dodging        | 7 |  7.4
Ice Magic      | 5 6 |  6.2
Summonings     | 1 |  1.9

Action                   |  1- 3 |  4- 6 |  7- 9 | 10-12 || total
-------------------------+-------+-------+-------+-------++-------
Melee: Dagger            |    17 |    13 |     5 |     8 ||    43
       Punch             |       |       |       |     1 ||     1
       Staff             |       |       |       |     6 ||     6
 Cast: Foxfire           |    55 |    70 |   282 |   210 ||   617
       Scorch            |    14 |    18 |    65 |     8 ||   105
       Flame Wave        |       |       |    14 |    10 ||    24
       Stone Arrow       |       |       |     8 |   163 ||   171
       Hailstorm         |       |       |       |     3 ||     3
       Dazzling Flash    |       |       |       |     2 ||     2
       Frozen Ramparts   |       |       |       |     7 ||     7
Evoke: Wand              |       |       |       |     4 ||     4
  Use: Scroll            |     2 |     2 |    12 |     9 ||    25
       Potion            |       |       |     2 |     3 ||     5
 Stab: Sleeping          |     2 |     1 |       |     1 ||     4
Armor: Robe              |     5 |     4 |    15 |    17 ||    41
Dodge: Dodged            |    28 |    11 |    41 |    56 ||   136
